 Dungeon Crawl Stone Soup version 0.30-a0-263-ge22c4ad894 (webtiles) character file.

Game seed: 9195693769036316955

14515 nono the Protected (level 11, -9/123 HPs)
             Began as an Armataur Fighter on Oct 13, 2022.
             Was a Priest of the Shining One.
             Collided with a crystal wall (10 damage)
             ... caused by a wretched star
             ... on level 2 of the Abyss.
             The game lasted 00:30:46 (11335 turns).

nono the Protected (Armataur Fighter)              Turns: 11335, Time: 00:30:49

Health: -9/123     AC: 14    Str: 25    XL:     11   Next: 89%
Magic:  13/13      EV:  7    Int:  7    God:    the Shining One [***...]
Gold:   621        SH: 15    Dex: 17    Spells: 10/10 levels left

rFire   + . .      SeeInvis +    P - +4 flail
rCold   + + .      Faith    .    T - +3 kite shield of Restlessness {rC++ rN+ Int-4 SInv}
rNeg    + + .      Spirit   .    J - +0 ring mail of the Candlemaker {rF+ Will+ Int-5}
rPois   .          Reflect  .    V - +0 helmet of the Volcano {Int+6}
rElec   .          Harm     .    s - +0 cloak
rCorr   .          Roll     +    G - +2 pair of gloves {hurl}
Will    +....                    (no barding)
Stlth   ..........               Y - amulet "Felien" {Regen+ Int+6}
HPRegen 1.20/turn                v - +6 ring of dexterity
MPRegen 0.13/turn                B - ring of flight

@: berserking, flying, glowing, very quick
A: large, rugged brown scales 3, deformed body, armoured tail, roll, long
tongue, awkward tongue, [deterioration 2], [dopey 2], [frail 2], [low MP 2], [no
potion heal 2]
a: Renounce Religion, Divine Shield, Cleansing Flame


You were on level 2 of the Abyss.
You worshipped the Shining One.
The Shining One was most pleased with you.
You visited 2 branches of the dungeon, and saw 12 of its levels.
You visited the Abyss 1 time.
You also visited: Sewer, Bailey and Gauntlet.

You collected 793 gold pieces.
You spent 172 gold pieces at shops.

Inventory:

Hand Weapons
 a - a +0 flail
 g - a +1 dagger of electrocution
 P - a +4 flail (weapon)
Armour
 b - a +0 scale mail
 c - a +0 buckler
 h - a +0 helmet
 l - a +0 pair of gloves
 s - a +0 cloak (worn)
 C - a +3 leather armour of poison resistance
 G - a +2 pair of gloves of hurling (worn)
 J - the +0 ring mail of the Candlemaker (worn) {rF+ Will+ Int-5}
   (You found it on level 7 of the Dungeon)

   Int:       It affects your intelligence (-5).
   rF:        It protects you from fire.
   Will:      It increases your willpower.
 T - the +3 kite shield of Restlessness (worn) {rC++ rN+ Int-4 SInv}
   (You found it in a bailey)

   Int:       It affects your intelligence (-4).
   rC:        It greatly protects you from cold.
   rN:        It protects you from negative energy.
   SInv:      It lets you see invisible.
 U - the +5 crystal plate armour of Sif Muna's Benevolence {rPois Will- Dex+3}
   (You found it in a bailey)

   Dex:       It affects your dexterity (+3).
   rPois:     It protects you from poison.
   Will:      It decreases your willpower.
 V - the +0 helmet of the Volcano (worn) {Int+6}
   (You found it on level 5 of the Dungeon)

   Int:       It affects your intelligence (+6).
 X - the +3 warlock's mirror {reflect}
   (You found it on level 10 of the Dungeon)

   It can block and reflect piercing ranged attacks and magical attacks against
   the wielder's willpower.
Jewellery
 o - an amulet of reflection
 v - a +6 ring of dexterity (left hand)
 B - a ring of flight (right hand)
 O - a ring of protection from cold
 Y - the amulet "Felien" (around neck) {Regen+ Int+6}
   (You found it in a Gauntlet)

   [amulet of regeneration]

   Int:       It affects your intelligence (+6).
   Regen:     It increases your rate of health regeneration.
Wands
 j - a wand of charming (7)
 y - a wand of quicksilver (24)
 S - a wand of digging (4)
 W - a wand of flame (9)
Scrolls
 e - 4 scrolls of poison {unknown}
 f - 3 scrolls of summoning {unknown}
 i - 2 scrolls of butterflies {unknown}
 m - 2 scrolls of amnesia {unknown}
 q - 2 scrolls of noise {unknown}
 u - 2 scrolls of immolation {unknown}
 x - a scroll of magic mapping
 A - 5 scrolls of teleportation {unknown}
 E - a scroll of blinking {unknown}
 H - 2 scrolls of fear {unknown}
 I - 4 scrolls of vulnerability {unknown}
 L - a scroll of acquirement {unknown}
 M - 2 scrolls of silence {unknown}
 R - 3 scrolls of identify
 Z - a scroll of enchant armour {unknown}
Potions
 d - 4 potions of might
 k - 3 potions of curing
 n - 3 potions of brilliance
 p - 8 potions of heal wounds
 r - a potion of flight
 t - a potion of attraction
 w - 2 potions of mutation
 D - 3 potions of invisibility
 F - a potion of cancellation
 K - a potion of ambrosia
 N - 2 potions of magic {unknown}
 Q - a potion of lignification {unknown}


   Skills:
 + Level 8.7 Fighting
 + Level 8.4 Maces & Flails
 + Level 11.2 Armour
 + Level 10.4 Shields
 + Level 7.9 Invocations


You had 10 spell levels left.
You didn't know any spells.
Your spell library contained the following spells:

 Spells                   Type           Power      Damage    Failure   Level
 Magic Dart               Conj           0%         1d3       75%         1
 Slow                     Hex            0%         N/A       75%         1
 Blink                    Tloc           0%         N/A       87%         2
 Ensorcelled Hibernation  Hex/Ice        0%         N/A       87%         2
 Momentum Strike          Conj/Tloc      0%         3d8       87%         2
 Searing Ray              Conj           0%         2d4       87%         2
 Confusing Touch          Hex            0%         N/A       98%         3
 Frozen Ramparts          Ice            0%         1d1       98%         3
 Ignite Poison            Fire/Tmut/Pois 0%         N/A       98%         3
 Lesser Beckoning         Tloc           0%         N/A       98%         3
 Ozocubu's Armour         Ice            0%         N/A       98%         3
 Spider Form              Tmut/Pois      0%         N/A       98%         3
 Vampiric Draining        Necr           0%         2d6       98%         3
 Anguish                  Hex/Necr       0%         N/A       100%        4
 Fulminant Prism          Conj/Hex       0%         3d6       100%        4
 Ice Form                 Ice/Tmut       0%         N/A       100%        4
 Sticky Flame             Conj/Fire      0%         2d3       100%        4
 Summon Ice Beast         Ice/Summ       0%         N/A       100%        4
 Metabolic Englaciation   Hex/Ice        0%         N/A       100%        5
 Simulacrum               Ice/Necr       0%         N/A       100%        6
 Ignition                 Fire           0%         3d3       100%        8


Dungeon Overview and Level Annotations

Branches:
Dungeon (11/15)            Temple (1/1) D:4            Lair (0/5) D:11
    Orc (0/2) D:9           Sewer (visited)          Bailey (visited)
Gauntlet (visited)

Altars:
Ashenzari
Cheibriados
Dithmenos
Elyvilon
Fedhas
Gozag
Hepliaklqana
Kikubaaqudgha
Makhleb
Nemelex Xobeh
Okawaru
Qazlal
Ru
Sif Muna
Trog
Uskayaw
Vehumet
Wu Jian
Xom
Yredelemnul
Zin
The Shining One

Shops:
D:1 *   D:6 [

Annotations:
Gauntlet 9 transporters, 1 runed translucent door, exclusion: orange crystal statue


Innate Abilities, Weirdness & Mutations

You are completely covered in rugged brown scales. (AC +3, +7% HP)
Armour fits poorly on your strangely shaped body.
You have a long armoured tail.
You roll when moving toward enemies. (Rampage)
Your long tongue fully drains potion bottles. (2x potion effects)
Your tongue gives you trouble enunciating. (1.5x scroll delay)
[Your body often deteriorates upon taking damage.]
[You are very dopey. (Int -4)]
[You are very frail. (-20% HP)]
[Your magical capacity is very low. (-20% MP)]
[Potions cannot restore your health.]


Message History

The wretched star glows turbulently.
The lance of force hits you!
You are knocked back by the lance of force.
You slam into the crystal wall!
You roll towards the wretched star!
The wretched star glows turbulently.
The lance of force hits you!
You are knocked back by the lance of force.
You slam into the crystal wall!
You roll towards the wretched star!
The wretched star glows turbulently.
The lance of force hits you!!
* * * LOW HITPOINT WARNING * * *
You are knocked back by the lance of force.
You slam into the crystal wall!
* * * LOW HITPOINT WARNING * * *
Unknown command.
You roll towards the wretched star!
The wretched star pulses with an eldritch light!
You feel frail. x2
It was a potion of heal wounds.
That seemed strangely inert.
The wretched star glows turbulently.
The lance of force misses you.
You cannot be healed by potions.
Really quaff the potion of mutation?
Okay, then.
Unknown command.
Unknown command.
A red film seems to cover your vision as you go berserk!
You feel yourself moving faster!
You feel mighty!
The wretched star pulses with an eldritch light!
You feel yourself wasting away.
You feel your body start to fall apart.
You roll towards the wretched star!
You sock the wretched star!
The wretched star is severely damaged.
The wretched star glows turbulently.
The lance of force hits you!
* * * LOW HITPOINT WARNING * * *
You are knocked back by the lance of force.
You slam into the crystal wall!
You die...

.. # .## ## #.
..# ...## #..#
######.#. ..# .
...#.
..##..####...
#..###...#. ..#
#..*...@##. # .#
......#####....#.
.# ##### ...#..#
. #..##...##
#.#.......#
###.#.#.##..#
...#...# .## ..
.. ##..# # ##..##
..#.


You could see a wretched star.

Vanquished Creatures
  A centaur warrior (D:10)
  2 two-headed ogres
  2 orc knights (Bailey)
  5 wizards (D:10)
  A worldbinder (Gauntlet)
  An ugly thing (D:10)
  A deep elf pyromancer (D:10)
  2 trolls
  A raiju (Gauntlet)
  A wyvern (D:11)
  12 yaks
  A wraith (D:11)
  Eustachio (D:6)
  Menkaure (D:6)
  A steam dragon (Gauntlet)
  2 vampire mosquitoes (D:11)
  3 wargs (D:11)
  3 water moccasins
  10 orc warriors
  4 centaurs
  3 boggarts (Gauntlet)
  2 bullfrogs
  6 kobold brigands
  Blork the orc (D:6)
  3 scorpions
  18 wights
  6 killer bees (D:6)
  2 howler monkeys (D:7)
  3 hounds
  9 orc priests
  2 jellies
  A gnoll bouda (D:6)
  Jessica (D:3)
  2 iguanas
  4 orc wizards
  Robin (D:4)
  4 gnolls (D:6)
  11 adders
  A river rat (D:6)
  2 shadow imps
  3 white imps
  An ufetubus (D:4)
  3 worms
  3 dart slugs
  49 orcs
  10 ball pythons
  7 bats
  13 endoplasms
  8 giant cockroaches
  14 goblins
  10 hobgoblins
  2 quokkas
  6 frilled lizards
  29 kobolds
  5 rats
300 creatures vanquished.

Vanquished Creatures (others)
  A gnoll (D:6)
  An orc (D:7)
2 creatures vanquished.

Grand Total: 302 creatures vanquished

Notes
Turn   | Place    | Note
-------+----------+-------------------------------------------
     0 | D:1      | nono the Armataur Fighter began the quest for the Orb.
     0 | D:1      | Reached XP level 1. HP: 19/19 MP: 1/1
   223 | D:1      | Reached XP level 2. HP: 26/26 MP: 2/2
   241 | D:1      | Found Dacrafuo's Assorted Antiques.
   565 | D:1      | Reached skill level 4 in Armour
   764 | D:1      | Reached XP level 3. HP: 33/33 MP: 3/3
   865 | D:1      | Found a faded altar of an unknown god.
  1315 | D:2      | Reached XP level 4. HP: 40/40 MP: 4/4
  1962 | D:3      | Found a white marble altar of Elyvilon.
  1973 | D:3      | Found a sparkling altar of Nemelex Xobeh.
  1990 | D:3      | Noticed Jessica
  1993 | D:3      | Killed Jessica
  2657 | D:3      | Found a snail-covered altar of Cheibriados.
  2930 | D:4      | Noticed a scorpion
  2950 | D:4      | Killed a scorpion
  2951 | D:4      | Reached XP level 5. HP: 30/48 MP: 5/5
  3064 | D:4      | Found a broken altar of Ashenzari.
  3141 | D:4      | Reached skill level 5 in Armour
  3151 | D:4      | Reached XP level 6. HP: 46/55 MP: 6/6
  3516 | D:4      | Noticed Robin
  3517 | D:4      | Found a staircase to the Ecumenical Temple.
  3523 | Temple   | Entered the Ecumenical Temple
  3536 | Temple   | Became a worshipper of the Shining One
  3556 | D:4      | Killed Robin
  3718 | D:5      | Entered Level 5 of the Dungeon
  3763 | D:5      | Reached skill level 5 in Shields
  3990 | D:5      | Noticed a water moccasin
  4004 | D:5      | Killed a water moccasin
  4005 | D:5      | Reached XP level 7. HP: 58/64 MP: 7/7
  4043 | D:5      | Reached skill level 6 in Armour
  4245 | D:5      | Reached skill level 1 in Invocations
  4337 | D:5      | Reached * piety under the Shining One
  4719 | D:5      | Identified the +0 helmet of the Volcano {Int+6}
  4820 | D:6      | Noticed Eustachio
  4822 | D:6      | Noticed Menkaure
  4839 | D:6      | Reached XP level 8. HP: 68/71 MP: 9/9
  4841 | D:6      | Killed Menkaure
  4842 | D:6      | Reached skill level 5 in Fighting
  4854 | D:6      | Killed Eustachio
  5106 | D:6      | Found a glowing drain.
  5110 | Sewer    | Entered a sewer
  5439 | D:6      | Reached skill level 5 in Maces & Flails
  5439 | D:6      | Reached skill level 7 in Armour
  5553 | D:6      | Noticed Blork the orc
  5555 | D:6      | Found Vopneiv's Antique Armour Boutique.
  5564 | D:6      | Killed Blork the orc
  5565 | D:6      | Reached XP level 9. HP: 51/80 MP: 7/11
  5598 | D:6      | Bought a pair of glowing gloves for 172 gold pieces
  6265 | D:7      | Found an ornate altar of the Wu Jian Council.
  6339 | D:7      | Reached ** piety under the Shining One
  6363 | D:7      | Identified the +0 ring mail of the Candlemaker {rF+ Will+
                  | Int-5}
  6446 | D:7      | Reached skill level 8 in Armour
  7233 | D:8      | Reached skill level 5 in Invocations
  7457 | D:8      | Noticed a two-headed ogre
  7467 | D:8      | Killed a two-headed ogre
  7468 | D:8      | Reached XP level 10. HP: 79/89 MP: 10/14
  7693 | D:9      | Noticed a two-headed ogre
  7704 | D:9      | Reached skill level 9 in Armour
  7713 | D:9      | Killed a two-headed ogre
  7902 | D:9      | Found a staircase to the Orcish Mines.
  8920 | D:10     | Entered Level 10 of the Dungeon
  8965 | D:10     | Found a flagged portal.
  8985 | D:10     | Noticed a deep elf pyromancer
  8989 | D:10     | Killed a deep elf pyromancer
  9000 | Bailey   | Entered a bailey
  9166 | Bailey   | Noticed an orc knight
  9343 | Bailey   | Killed an orc knight
  9344 | Bailey   | Reached skill level 10 in Armour
  9344 | Bailey   | Reached XP level 11. HP: 63/99 MP: 12/16
  9373 | Bailey   | Noticed an orc knight
  9392 | Bailey   | Killed an orc knight
  9697 | Bailey   | Identified the +3 kite shield of Restlessness {rC++ rN+
                  | Int-4 SInv}
  9699 | Bailey   | Identified the +5 crystal plate armour of Sif Muna's
                  | Benevolence {rPois Will- Dex+3}
  9829 | D:10     | Noticed a centaur warrior
  9840 | D:10     | Killed a centaur warrior
 10082 | D:10     | Noticed a wizard
 10095 | D:10     | Killed a wizard
 10122 | D:10     | Noticed a wizard
 10123 | D:10     | Noticed a brown ugly thing
 10136 | D:10     | Killed a brown ugly thing
 10153 | D:10     | Killed a wizard
 10182 | D:10     | Noticed a wizard
 10185 | D:10     | Killed a wizard
 10201 | D:10     | Noticed a wizard
 10212 | D:10     | Killed a wizard
 10238 | D:10     | Reached skill level 10 in Shields
 10326 | D:10     | Found the +3 warlock's mirror {reflect}
 10419 | D:10     | Found a blossoming altar of Fedhas.
 10559 | D:10     | Found a hazy altar of Hepliaklqana.
 10681 | D:10     | Noticed a wizard
 10687 | D:10     | Killed a wizard
 10861 | D:11     | Reached *** piety under the Shining One
 10874 | D:11     | Reached skill level 11 in Armour
 10893 | D:11     | Found a staircase to the Lair.
 11028 | D:11     | Found a gate leading to a gauntlet.
 11039 | Gauntlet | Entered a Gauntlet
 11039 | Gauntlet | Found a transporter.
 11054 | Gauntlet | Found a transporter.
 11055 | Gauntlet | Found a transporter.
 11056 | Gauntlet | Found a transporter.
 11059 | Gauntlet | Found a runed translucent door.
 11059 | Gauntlet | Found a runed translucent door.
 11063 | Gauntlet | Found a transporter.
 11066 | Gauntlet | Found a transporter.
 11067 | Gauntlet | Found a transporter.
 11073 | Gauntlet | Noticed a wizard
 11076 | Gauntlet | Found a transporter.
 11078 | Gauntlet | Found a transporter.
 11079 | Gauntlet | Found a transporter.
 11087 | Gauntlet | Found a transporter.
 11087 | Gauntlet | Noticed an orange crystal statue
 11090 | Gauntlet | Found a transporter.
 11091 | Gauntlet | Found a transporter.
 11110 | Gauntlet | Found a transporter.
 11210 | Gauntlet | Identified the amulet "Felien" {Regen+ Int+6}
 11231 | Gauntlet | Noticed a naga warrior
 11234 | Gauntlet | Noticed a naga warrior
 11239 | Gauntlet | Noticed a naga warrior
 11249 | Gauntlet | Noticed a shining eye
 11279 | Abyss:2  | Cast into level 2 of the Abyss (a wizard)
 11319 | Abyss:2  | Noticed a wretched star
 11335 | Abyss:2  | HP: 1/123 [wretched star/lance of force (13)]
 11335 | Abyss:2  | Collided with a crystal wall

Illustrated notes

Levels and vault maps discovered:
D:1:      sevenhm_arrival_forest_fort_small_4, layout_basic,
          hellmonk_ecumenical_altar_zigzags, serial_shops,
          nicolae_shop_statue_plus
D:2:      kennysheep_big_flooded_room, layout_basic, corner_web_ring,
          minmay_ruptured
D:3:      layout_basic, marbit_many_paths, grunt_temple_overflow_open,
          serial_co_window_serial, co_window_paths_a, co_window_paths_b,
          co_window_corner_a, co_window_paths_a, co_window_of_opportunity_a,
          co_window_corner_cb, co_window_unsneaky_path_c, co_window_corner_b,
          co_window_corner_ca, co_window_4corner_b, co_window_paths_e,
          glass_columns_a, glass_columns_b, glass_columns_b, glass_columns_b,
          glass_columns_a, kennysheep_generic_room_6, uniq_jessica
D:4:      layout_rooms, ashenzari_altar_1, minmay_temple_entry_nine_rooms,
          uniq_robin
D:5:      layout_cave_pools, minivault_24
D:6:      layout_loops_ring, serial_shops, nicolae_shop_trees,
          gup_sewer_entry_bowl, minmay_misc_feat_square, grunt_decor_one_mirror,
          kennysheep_cluttered_room, uniq_menkaure, uniq_eustachio,
          uniq_blork_the_orc
D:7:      layout_cave_pools, nicolae_overflow_crystal_walls,
          kennysheep_generic_room_8
D:8:      layout_loops_cross
D:9:      layout_cave_pools, david_orc_2
D:10:     minmay_smoke_and_mirrors, layout_cave_pools, lemuel_round_altar,
          old_standard_altar, enter_bailey_8
D:11:     layout_cave_pools, erik_lair_orcish_takeover, gauntlet_entry_generic,
          eat_drink_and_be_merry_uskayaw
Temple:   minmay_freezing_vapour_temple
Abyss:2:  base: D:4, abyss_furniture_001
Gauntlet: gammafunk_gauntlet_77_escape_option
          [minmay_gauntlet_arena_77_p_blocks,
          minmay_gauntlet_arena_77_shame_cube,
          minmay_gauntlet_arena_77_checkered, minmay_gauntlet_arena_77_squiggly,
          minmay_gauntlet_arena_77_radiant_squares, gauntlet_exit_green]

Skill      XL: |  1  2  3  4  5  6  7  8  9 10 11 |
---------------+----------------------------------+-----
Maces & Flails | 2 3 4 5 6 7 8 |  8.4
Fighting       | 3 4 5 6 7 8 |  8.7
Armour         | 4 5 6 7 8 10 11 | 11.2
Shields        | 4 5 6 7 8 9 10 | 10.4
Invocations    | 2 3 5 6 7 |  7.9

Action                   |  1- 3 |  4- 6 |  7- 9 | 10-12 || total
-------------------------+-------+-------+-------+-------++-------
Melee: Flail             |    52 |       |    18 |   375 ||   445
       Tailslap          |    10 |    18 |    82 |    93 ||   203
       Dagger            |    76 |   223 |   333 |       ||   632
Invok: Divine Shield     |       |       |     4 |     8 ||    12
  Use: Scroll            |       |     5 |     3 |     4 ||    12
       Potion            |       |     2 |     3 |     2 ||     7
Armor: Scale mail        |    78 |   157 |    12 |       ||   247
       Leather armour    |       |       |    49 |       ||    49
       Ring mail         |       |       |    16 |   121 ||   137
       Crystal plate arm |       |       |       |     3 ||     3
Dodge: Dodged            |    51 |    77 |    86 |   107 ||   321
Block: Buckler           |    27 |   177 |   228 |   303 ||   735
       Reflection        |       |     5 |     4 |    15 ||    24
       Kite shield       |       |       |       |    41 ||    41

Table legend: (Time is in decaauts)
 A = Elapsed time spent in this place.
 B = Non-inter-level travel time spent in this place.
 C = Inter-level travel time spent in this place.
 D = Time resting spent in this place.
 E = Time spent auto-exploring this place.
 F = Levels seen in this place.
 G = Mean time per level.
                   A        B        C        D        E       F      G
               +--------+--------+--------+--------+--------+-----+--------+
         Total |  11449 |  10866 |    583 |    961 |   7174 |  16 |  715.6 |
       Dungeon |  10019 |   9436 |    583 |    696 |   6706 |  11 |  910.8 |
        Temple |     18 |     18 |      0 |      0 |      0 |   1 |   18.0 |
         Abyss |     56 |     56 |      0 |      0 |      0 |   1 |   56.0 |
         Sewer |    303 |    303 |      0 |      0 |    171 |   1 |  303.0 |
        Bailey |    812 |    812 |      0 |    265 |    296 |   1 |  812.0 |
      Gauntlet |    239 |    239 |      0 |      0 |      0 |   1 |  239.0 |
               +--------+--------+--------+--------+--------+-----+--------+

Top non-repeatable levels by time:
     D:8: 1306 daAuts
     D:6: 1228 daAuts
     D:1: 1056 daAuts
     D:3: 997 daAuts
     D:4: 985 daAuts
     D:5: 979 daAuts
    D:10: 899 daAuts
     D:9: 892 daAuts
     D:2: 854 daAuts
  Bailey: 812 daAuts
     D:7: 591 daAuts
   Sewer: 303 daAuts
Gauntlet: 239 daAuts
    D:11: 226 daAuts
 Abyss:2: 56 daAuts
